 Dungeon Crawl Stone Soup version 0.27-a0-1188-g73eefd5def (webtiles) character file.

Game seed: 14117408483894705111

14140 freelancePsychic the Martial Artist (level 11, -3/172 HPs)
             Began as a Troll Earth Elementalist on May 21, 2021.
             Was a High Priest of Jiyva.
             Slain by a redback (8 damage)
             ... on level 2 of the Lair of Beasts.
             The game lasted 00:24:14 (8690 turns).

freelancePsychic the Martial Artist (TrEE)          Turns: 8690, Time: 00:24:14

Health: -3/172     AC: 25    Str: 13    XL:     11   Next: 84%
Magic:  11/11      EV:  1    Int: 17    God:    Jiyva [*****.]
Gold:   421        SH:  0    Dex: 20    Spells: 7/12 levels left

rFire    . . .     SeeInvis .     - Unarmed
rCold    . . .     Faith    .   (no shield)
rNeg     + + +     Spirit   .   (armour currently unavailable)
rPois    +         Reflect  .   (helmet currently unavailable)
rElec    .         Harm     .   (cloak currently unavailable)
rCorr    +         Rampage  .   (gloves unavailable)
Will     .....     NoTele   +   (boots unavailable)
Stlth    +.........             w - amulet of the acrobat
HPRegen  1.38/turn              y - +6 ring of intelligence
MPRegen  0.12/turn              (no ring)

@: confused, brilliant, lethally poisoned (-3 -> -9), tree-form, ambrosia-drunk,
attractive
A: stationary, stasis, torment immunity, boosted hp, large, unfitting armour,
(claws 3), regeneration 1, (shaggy fur 1), (tough skin 1), (horns 1), agile 1,
(deformed body), mutation resistance 1, (eyeballs 1)
a: Renounce Religion, Request Jelly, Slimify, Cure Bad Mutation


You were on level 2 of the Lair of Beasts.
You worshipped Jiyva.
Jiyva was extremely pleased with you.
You were a tree.
You visited 2 branches of the dungeon, and saw 12 of its levels.

You collected 421 gold pieces.

Inventory:

Missiles
 b - 219 stones
 m - 5 curare-tipped darts
Armour
 c - a +0 robe
 k - +0 steam dragon scales
 q - a +0 troll leather armour (melded)
 t - a scarf of invisibility
 A - a +2 robe of cold resistance
Jewellery
 w - an amulet of the acrobat (around neck)
 y - a +6 ring of intelligence (left branch)
 z - a ring of ice
Wands
 h - a wand of iceblast (18)
 o - a wand of charming (9)
Scrolls
 d - 3 scrolls of enchant armour
 f - a scroll of torment {unknown}
 i - a scroll of fear
 j - a scroll of noise {unknown}
 n - 4 scrolls of teleportation {@r4}
 r - 3 scrolls of identify {@r1}
 s - a scroll of immolation {unknown}
 u - a scroll of amnesia {unknown}
Potions
 a - 2 potions of heal wounds {@q2}
 e - a potion of degeneration {unknown}
 g - a potion of curing {unknown}
 p - a potion of brilliance
 v - a potion of berserk rage {unknown}
 B - a potion of lignification


   Skills:
 - Level 9.2 Fighting
 - Level 6.4 Dodging
 - Level 1.0 Stealth
 + Level 10.7 Unarmed Combat
 - Level 1.2 Spellcasting
 - Level 4.3 Transmutations
 + Level 6.9 Earth Magic


You had 7 spell levels left.
You knew the following spells:

 Your Spells              Type           Power      Damage    Failure   Level
a - Sandblast             Erth           74%        2d16      1%          1
b - Petrify               Tmut/Erth      30%        N/A       21%         4

Your spell library contained the following spells:

 Spells                   Type           Power      Damage    Failure   Level
 Passwall                 Tmut/Erth      25%        N/A       3%          2
 Stone Arrow              Conj/Erth      38%        3d9       16%         3
 Animate Skeleton         Necr           2%         N/A       22%         1
 Apportation              Tloc           2%         N/A       22%         1
 Corona                   Hex            1%         N/A       22%         1
 Summon Small Mammal      Summ           4%         N/A       22%         1
 Ensorcelled Hibernation  Hex/Ice        2%         N/A       32%         2
 Lee's Rapid Deconstruct  Erth           18%        3d12*     32%         5
 Confusing Touch          Hex            1%         N/A       54%         3
 Dazzling Flash           Conj/Hex       2%         N/A       54%         3
 Tukima's Dance           Hex            1%         N/A       54%         3
 Bolt of Magma            Conj/Fire/Erth 6%         4d6       92%         5
 Iskenderun's Battlesphe  Conj           1%         2d6       99%         5
 Iron Shot                Conj/Erth      9%         9d3       100%        6
 Orb of Destruction       Conj           0%         N/A       100%        7
 Spellforged Servitor     Conj/Summ      0%         N/A       100%        7


Dungeon Overview and Level Annotations

Branches:
Dungeon (10/15)            Temple (0/1) D:5            Lair (2/6) D:9
 Shoals (0/4) Lair:2          Orc (0/2) D:9
  Snake: Lair:2-4    Spider: Lair:2-4

Altars:
Cheibriados
Elyvilon
Fedhas
Gozag
Kikubaaqudgha
Nemelex Xobeh
Okawaru
Qazlal
Sif Muna
Trog
Yredelemnul
The Shining One
Jiyva

Shops:
D:4 :   D:7 (

Annotations:
D:5 2 transporters, MatrixGlitch's ghost, weakling HODe


Innate Abilities, Weirdness & Mutations

You are a tree.
Your roots penetrate the ground, keeping you stationary.
You cannot be teleported.
You are immune to unholy pain and torment.
Your maximum health is greatly increased.
Your equipment is partially melded.
You are too large for most types of armour.
((You have claws for hands.))
Your natural rate of healing is unusually fast.
((You are covered in fur. (AC +1)))
((You have tough skin. (AC +1)))
((You have a pair of small horns on your head.))
You are agile. (Dex +2)
((Armour fits poorly on your strangely shaped body.))
You are somewhat resistant to further mutation.
((Your body has grown golden eyes which may confuse attackers. (Acc +3)))


Message History

The sentinel's mark upon you fades away.
You feel extremely sick. The redback misses you.
As you read the scroll of fear, it crumbles to dust.
You assume a fearsome visage.
The jelly looks frightened! x2
The jelly quivers.
The redback looks frightened! x4
* * * LOW HITPOINT WARNING * * *
You feel extremely sick. The jelly trembles before you. x2
The redback bites the plant!
* * * LOW HITPOINT WARNING * * *
You feel extremely sick.
The redback bites the plant!
Cornered, the redback turns to fight!
It was a potion of brilliance.
You feel clever all of a sudden.
* * * LOW HITPOINT WARNING * * *
You feel extremely sick.
Cornered, the redback turns to fight!
It was a potion of lignification.
You turn into a tree.
Your +0 troll leather armour melds into your body.
Your roots penetrate the ground.
* * * LOW HITPOINT WARNING * * *
You feel extremely sick.
A nearby plant withers and dies.
The redback bites you but does no damage.
It was a potion of attraction.
You feel attractive to monsters.
* * * LOW HITPOINT WARNING * * *
You feel very sick.
The redback bites you but does no damage.
The redback is pulled toward you!
It was a potion of ambrosia.
You are confused.
You feel invigorated.
* * * LOW HITPOINT WARNING * * *
You feel very sick. The redback bites you!
You die...

.P..........# ########
####.......## #.##
#####......# # #...#
..###.#..### .##.....
..#.##....# ### #.s..#
...###....#####.###....#
...........#.........#
P....................#
##..............♣s..##
#................s.#.#
##...≈≈.P....≈≈≈######
###..PP≈≈..PP≈≈≈..
.....≈≈≈P≈≈≈≈≈≈≈...
.....P≈≈≈≈≈P≈≈P≈....
.....≈≈≈P≈P≈≈≈≈≈....
####♣≈≈≈≈≈≈≈≈≈≈≈ #
≈≈≈≈≈≈


You could see 3 redbacks.

Vanquished Creatures
  Fannar (D:10)
  4 two-headed ogres
  2 merfolk sirens (Lair:2)
  A black mamba (Lair:1)
  A cane toad (Lair:1)
  A rime drake (Lair:2)
  2 komodo dragons (Lair:1)
  An unseen horror (D:6)
  A troll (D:8)
  A queen bee (D:9)
  4 blink frogs
  2 wyverns (D:8)
  12 yaks
  A steam dragon (D:3)
  A swamp worm (D:10)
  4 water moccasins
  2 black bears
  An ice beast (D:5)
  8 orc warriors
  12 wolves (Lair:2)
  2 ogres
  2 centaurs
  A phantom (D:5)
  3 kobold brigands (D:9)
  9 bullfrogs
  2 scorpions
  2 water moccasin zombies (D:5)
  A wyvern skeleton (D:7)
  13 killer bees
  A howler monkey (D:10)
  A centaur zombie (D:9)
  2 hounds
  4 orc priests
  A bullfrog skeleton (D:4)
  A gnoll shaman (D:7)
  3 iguanas
  8 orc wizards
  A scorpion zombie (D:5)
  7 hell rats (Lair:1)
  2 killer bee zombies
  A hound skeleton (D:5)
  7 gnolls
  3 adders
  4 white imps
  An ufetubus (D:7)
  An adder skeleton (D:5)
  5 dart slugs
  27 orcs
  5 endoplasms
  4 giant cockroaches
  9 goblins
  6 hobgoblins (D:1)
  5 jackals
  4 quokkas
  6 ball pythons
  5 bats
  3 frilled lizards
  16 kobolds
  5 rats
245 creatures vanquished.

Vanquished Creatures (others)
  4 elephants (Lair:2)
  Maggie (D:7)
  A komodo dragon (Lair:2)
  A demonic crawler (D:10)
  A troll (D:5)
  A sky beast (D:7)
  A centaur (D:6)
  A bullfrog (Lair:1)
  4 killer bees (D:9)
  A hound (D:5)
  42 jellies
  An iguana (D:5)
  An orc wizard (D:9)
  A hound zombie (D:5)
  A gnoll (D:7)
  3 adders
  4 worms
  A dart slug (D:3)
  13 orcs
  A ball python (D:4)
  A giant cockroach (D:3)
  2 goblins
  3 jackals (D:5)
  8 kobolds
  A bat (D:3)
  A frilled lizard (D:3)
  26 fungi
  44 plants
170 creatures vanquished.

Grand Total: 415 creatures vanquished

Notes
Turn   | Place    | Note
-------+----------+-------------------------------------------
     0 | D:1      | freelancePsychic the Troll Earth Elementalist began the
                  | quest for the Orb.
     0 | D:1      | Reached XP level 1. HP: 16/16 MP: 1/1
   139 | D:1      | You fall into a shaft and drop 1 floor!
   157 | D:2      | Reached skill level 1 in Unarmed Combat
   163 | D:2      | Reached XP level 2. HP: 24/24 MP: 2/2
   500 | D:1      | Reached XP level 3. HP: 27/32 MP: 3/3
   723 | D:2      | Reached skill level 2 in Unarmed Combat
   766 | D:2      | Reached skill level 1 in Fighting
   827 | D:2      | Found a faded altar of an unknown god.
   835 | D:2      | Became a worshipper of Jiyva Jihuj the Shapeless
   835 | D:2      | Reached * piety under Jiyva
  1029 | D:2      | Reached XP level 4. HP: 41/41 MP: 4/4
  1201 | D:3      | Found a white marble altar of Elyvilon.
  1214 | D:3      | Reached skill level 3 in Unarmed Combat
  1223 | D:3      | Reached XP level 5. HP: 35/48 MP: 5/5
  1324 | D:3      | Reached ** piety under Jiyva
  1434 | D:3      | Noticed a steam dragon
  1445 | D:3      | Killed a steam dragon
  1446 | D:3      | Reached skill level 4 in Unarmed Combat
  1446 | D:3      | Reached XP level 6. HP: 14/57 MP: 6/6
  1634 | D:3      | Found a shimmering blue altar of Sif Muna.
  1651 | D:3      | Found an ancient bone altar of Kikubaaqudgha.
  2233 | D:4      | Reached *** piety under Jiyva
  2310 | D:4      | Found Ujasoeph's Book Shoppe.
  2541 | D:5      | Entered Level 5 of the Dungeon
  2568 | D:5      | Gained mutation: You are agile. (Dex +2) [Jiyva's grace]
  2575 | D:5      | Reached skill level 5 in Unarmed Combat
  2575 | D:5      | Reached XP level 7. HP: 48/66 MP: 7/7
  2642 | D:5      | Found a staircase to the Ecumenical Temple.
  2767 | D:5      | Noticed a hornet
  2788 | D:5      | Found a transporter.
  2793 | D:5      | Found a transporter.
  2796 | D:5      | Killed a troll
  2860 | D:5      | Reached skill level 6 in Unarmed Combat
  2868 | D:5      | Noticed MatrixGlitch's ghost (weakling HODe)
  3093 | D:5      | Found a basalt altar of Yredelemnul.
  3108 | D:5      | Found a snail-covered altar of Cheibriados.
  3189 | D:6      | Reached XP level 8. HP: 75/75 MP: 8/8
  3329 | D:6      | Reached **** piety under Jiyva
  3387 | D:6      | Found a stormy altar of Qazlal.
  3394 | D:6      | Gained mutation: Your body has grown golden eyes which may
                  | confuse attackers. (Acc +3) [Jiyva's grace]
  3395 | D:6      | Noticed a slime creature
  3395 | D:6      | a vampire changed into a slime creature
  3396 | D:6      | Found a blossoming altar of Fedhas.
  3559 | D:6      | Killed an unseen horror
  3560 | D:6      | Reached skill level 7 in Unarmed Combat
  3907 | D:7      | Noticed Maggie
  3998 | D:7      | Reached skill level 8 in Unarmed Combat
  4042 | D:7      | Reached XP level 9. HP: 79/85 MP: 9/9
  4061 | D:7      | Reached skill level 5 in Dodging
  4106 | D:7      | Noticed Harold
  4118 | D:7      | Slimified Harold
  4118 | D:7      | Noticed Harold
  4118 | D:7      | Harold changed into Harold the slime creature
  4119 | D:7      | Gained mutation: You have a pair of small antennae on your
                  | head. [Jiyva's grace]
  4269 | D:7      | Found Nodyofob's Antique Weapon Emporium.
  4405 | D:7      | Reached skill level 5 in Fighting
  4418 | D:7      | Killed Maggie
  4460 | D:7      | Noticed a two-headed ogre
  4498 | D:7      | Killed a two-headed ogre
  4499 | D:7      | Reached skill level 9 in Unarmed Combat
  4773 | D:8      | Noticed a troll
  4781 | D:8      | Killed a troll
  4874 | D:8      | Noticed a two-headed ogre
  4902 | D:8      | Killed a two-headed ogre
  4903 | D:8      | Reached skill level 10 in Unarmed Combat
  4903 | D:8      | Reached XP level 10. HP: 78/98 MP: 10/10
  5178 | D:8      | Lost mutation: You have a pair of small antennae on your
                  | head. [Jiyva's grace]
  5441 | D:9      | Found a glowing golden altar of the Shining One.
  5477 | D:9      | Noticed a wizard
  5540 | D:9      | Slimified a wizard
  5768 | D:10     | Entered Level 10 of the Dungeon
  6042 | D:10     | Noticed a two-headed ogre
  6075 | D:10     | Killed a two-headed ogre
  6079 | D:10     | Gained mutation: Armour fits poorly on your strangely
                  | shaped body. [Jiyva's grace]
  6110 | D:10     | Found an iron altar of Okawaru.
  6157 | D:10     | Reached ***** piety under Jiyva
  6163 | D:10     | Noticed Fannar
  6182 | D:9      | Noticed Psyche
  6222 | D:10     | Gained mutation: You are somewhat resistant to further
                  | mutation. [Jiyva's grace]
  6242 | D:10     | Reached skill level 5 in Earth Magic
  6287 | D:10     | Killed Fannar
  6482 | D:9      | Slimified Psyche
  6482 | D:9      | Noticed Psyche
  6583 | D:9      | Found a sparkling altar of Nemelex Xobeh.
  6583 | D:9      | Found an opulent altar of Gozag.
  6616 | D:9      | Noticed a two-headed ogre
  6628 | D:9      | Killed a two-headed ogre
  6629 | D:9      | Reached XP level 11. HP: 87/111 MP: 11/11
  6733 | D:9      | Reached skill level 1 in Transmutations
  6860 | D:9      | Found a staircase to the Lair.
  6939 | D:9      | Found a staircase to the Orcish Mines.
  7015 | D:9      | Found a bloodstained altar of Trog.
  7021 | D:9      | Gained mutation: You have a pair of small horns on your
                  | head. [Jiyva's grace]
  7080 | Lair:1   | Entered Level 1 of the Lair of Beasts
  7157 | D:9      | Learned a level 4 spell: Petrify
  8152 | Lair:2   | Noticed a seven-headed hydra
  8198 | Lair:2   | Slimified a 15-headed hydra
  8198 | Lair:2   | Noticed an acid blob
  8198 | Lair:2   | a 15-headed hydra changed into an acid blob
  8355 | Lair:2   | Found a staircase to the Shoals.
  8688 | Lair:2   | HP: 7/172 [poisoned by a redback]
  8689 | Lair:2   | HP: 3/172 [poisoned by a redback]
  8690 | Lair:2   | Slain by a redback

Illustrated notes

Levels and vault maps discovered:
D:1:      lightli_arrival_lavapool, layout_loops_ring, minmay_pentomino_v2
D:2:      layout_basic, ebering_ecumenical_altar_box
D:3:      layout_basic, overflow_temple_1_default,
          lemuel_coloured_pillars_altar, nicolae_overflow_hidden_temple,
          minmay_misc_feat_columns, minmay_misc_feat_iff
D:4:      corexii_shack_village, layout_loops_ring, serial_shops, shop
D:5:      layout_rooms, amethyst_overflow_temple_binary,
          minmay_temple_entry_overgrown, gammafunk_ghost_hive, st_stairs_10,
          minmay_manual_monstrance
D:6:      layout_loops_cross, grunt_temple_overflow_forces_of_nature
D:7:      layout_cave_pools, serial_shops, nicolae_shop_trees,
          eino_small_chamber_without_monster, uniq_harold, uniq_maggie
D:8:      layout_loops_ring, grunt_decor_cap, st_stairs_13,
          kennysheep_nondescript
D:9:      cheibrodos_wizards_tower, layout_long_grid,
          grunt_temple_overflow_opulence, tgw_trog,
          nicolae_tso_carved_into_rock, orc_0_dummy, minivault_7, uniq_psyche
D:10:     layout_rooms, okawaru_altar_gauntlet_db, worms_lemuel, uniq_fannar
Lair:1:   layout_misc_corridors, nicolae_quartered_pool_little,
          fungi_pond_lemuel
Lair:2:   beast_lair_carwin_large_2, layout_concentric_octagons,
          elwin_shoals_entry_rooms, spider_nest_entry_funnel_web,
          serial_bayou_shore_a

Skill      XL: |  1  2  3  4  5  6  7  8  9 10 11 |
---------------+----------------------------------+-----
Unarmed Combat | 1 2 3 4 5 6 8 10 | 10.7
Dodging        | 2 3 4 6 |  6.4
Fighting       | 1 2 3 4 5 7 9 |  9.2
Earth Magic    | 6 |  6.9
Transmutations | 4 |  4.3
Stealth        | |  1.0
Spellcasting   | |  1.2

Action                   |  1- 3 |  4- 6 |  7- 9 | 10-12 || total
-------------------------+-------+-------+-------+-------++-------
Melee: Unarmed           |   101 |   105 |   241 |   434 ||   881
       Punch             |       |     1 |     8 |    13 ||    22
       Headbutt          |       |       |       |    46 ||    46
 Cast: Sandblast         |       |       |       |    20 ||    20
       Petrify           |       |       |       |     1 ||     1
Invok: Slimify           |       |       |     2 |     3 ||     5
  Use: Scroll            |       |       |     4 |     4 ||     8
       Potion            |       |       |       |     4 ||     4
 Stab: Sleeping          |     2 |     1 |     5 |       ||     8
       Confused          |       |       |     1 |     7 ||     8
       Petrified         |       |       |       |     7 ||     7
Armor: Robe              |    40 |    15 |       |       ||    55
       Steam dragon scal |       |    22 |    69 |       ||    91
       Troll leather arm |       |       |       |    57 ||    57
       Skin              |       |       |       |     2 ||     2
Dodge: Dodged            |    53 |    52 |   115 |   284 ||   504

Table legend: (Time is in decaauts)
 A = Elapsed time spent in this place.
 B = Non-inter-level travel time spent in this place.
 C = Inter-level travel time spent in this place.
 D = Time resting spent in this place.
 E = Time spent auto-exploring this place.
 F = Levels seen in this place.
 G = Mean time per level.
                   A        B        C        D        E       F      G
               +--------+--------+--------+--------+--------+-----+--------+
         Total |   8622 |   8264 |    358 |    150 |   6100 |  12 |  718.5 |
       Dungeon |   7225 |   6886 |    339 |    150 |   5084 |  10 |  722.5 |
          Lair |   1397 |   1378 |     19 |      0 |   1015 |   2 |  698.5 |
               +--------+--------+--------+--------+--------+-----+--------+

Top non-repeatable levels by time:
     D:9: 1199 daAuts
     D:6: 826 daAuts
  Lair:1: 812 daAuts
     D:8: 755 daAuts
     D:4: 706 daAuts
    D:10: 684 daAuts
     D:1: 658 daAuts
     D:7: 656 daAuts
     D:3: 632 daAuts
  Lair:2: 585 daAuts
     D:5: 570 daAuts
     D:2: 535 daAuts
